 Dungeon Crawl Stone Soup version 0.27-a0-1291-geefcff550b (webtiles) character file.

Game seed: 13134963810168529828

1017 Azzok the Chopper (level 8, 34/60 HPs)
             Began as a Demonspawn Berserker on June 15, 2021.
             Was a Priest of Trog.
             Quit the game on level 5 of the Dungeon.
             The game lasted 00:04:59 (4804 turns).

Azzok the Chopper (Demonspawn Berserker)            Turns: 4804, Time: 00:04:59

Health: 34/60      AC:  9    Str: 19    XL:     8   Next: 2%
Magic:  8/8        EV:  8    Int:  8    God:    Trog [***...]
Gold:   184        SH:  7    Dex: 16    Spells: 7/7 levels left

rFire    . . .     SeeInvis +   v - +0 war axe (elec)
rCold    . . .     Faith    .   j - +2 buckler
rNeg     . . .     Spirit   .   b - +0 chain mail
rPois    .         Reflect  .   (no helmet)
rElec    .         Harm     .   (no cloak)
rCorr    .         Rampage  .   (no gloves)
Will     .....                  e - +0 pair of boots
Stlth    ..........             (no amulet)
HPRegen  0.20/turn              k - ring of see invisible
MPRegen  0.11/turn              (no ring)

@: no status effects
A: talons 2, thin skeletal structure 1, demonic guardian 1
a: Renounce Religion, Berserk, Trog's Hand


You were on level 5 of the Dungeon.
You worshipped Trog.
Trog was most pleased with you.
You visited 1 branch of the dungeon, and saw 5 of its levels.

You collected 184 gold pieces.

Inventory:

Hand Weapons
 v - a +0 war axe of electrocution (weapon)
Armour
 b - a +0 chain mail (worn)
 e - a +0 pair of boots (worn)
 j - a +2 buckler (worn)
Jewellery
 k - a ring of see invisible (left hand)
Wands
 o - a wand of digging (1)
Scrolls
 a - 2 scrolls of blinking {unknown}
 f - 2 scrolls of magic mapping {unknown}
 i - 4 scrolls of identify {unknown}
 m - a scroll of amnesia {unknown}
 p - 2 scrolls of teleportation {unknown}
 q - a scroll of torment {unknown}
 r - a scroll of noise {unknown}
 t - a scroll of vulnerability {unknown}
 u - 3 scrolls of fog {unknown}
Potions
 c - 2 potions of curing {unknown}
 d - a potion of degeneration {unknown}
 g - a potion of cancellation {unknown}
 h - 2 potions of lignification {unknown}
 l - 2 potions of resistance {unknown}
 n - a potion of attraction {unknown}
 s - a potion of haste {unknown}


   Skills:
 - Level 4.0 Fighting
 + Level 7.5 Axes
 - Level 1.7 Armour
 - Level 1.7 Dodging
 - Level 4.0 Shields


You had 7 spell levels left.
You didn't know any spells.
Your spell library was empty.

Dungeon Overview and Level Annotations

Branches:
Dungeon (5/15)
 Temple: D:4-7

Altars:
Cheibriados
Gozag
Zin

Shops:
D:2 :


Innate Abilities, Weirdness & Mutations

You have razor-sharp toenails.
You have a somewhat thin skeletal structure. (Dex +2, Stealth+)
A weak demonic guardian rushes to your aid.


Message History

Menkaure gestures wildly while chanting.
Menkaure seems to speed up.
You hit Menkaure. Lightning courses through Menkaure!
You destroy Menkaure!
Trog accepts your kill.
Trog appreciates your killing of a magic user.
Your Axes skill increases to level 7!
An iguana comes into view.
The iguana hisses angrily.
A phantom comes into view.
There are monsters nearby!
There are monsters nearby!
The iguana hisses menacingly.
The iguana bites you.
Found a stone staircase leading down.
You hit the iguana but do no damage. You slash the phantom!
The phantom hits you but does no damage.
You block the iguana's attack. The phantom closely misses you.
Your chain mail prevents you from hitting the iguana.
You slash the phantom!
The iguana bites you but does no damage.
The phantom hits you.
The phantom blinks!
You blink.
The phantom barely misses you.
You hit the phantom. Lightning courses through the phantom!
You destroy the phantom!
Trog accepts your kill. The iguana bites you.
You hit the iguana.
The iguana is moderately wounded.
The iguana barely misses you.
You hit the iguana.
The iguana is severely wounded.
The iguana bites you! The iguana bites you.
You slash the iguana!
You kill the iguana!
Trog accepts your kill.
You have reached level 8!
You feel agile.
Your demonic ancestry asserts itself...
You feel the presence of a demonic guardian.
Are you sure you want to abandon this character and quit the game? (Confirm with "yes".)

▒▒▒▒▒▒▒▒▒▒▒▒▒▒▒▒▒▒▒▒▒▒▒▒
·····[··········@·····>▒▒
▒▒▒······▒▒▒▒▒▒··········
▒▒▒······▒ ▒··········
·········▒▒▒▒▒▒··········
▒▒▒▒▒▒············▒▒▒▒▒▒▒
▒···················
▒············▒▒▒▒▒▒▒
▒▒▒'▒▒▒▒▒▒▒▒·▒ ▒·····▒
▒·▒


There were no monsters in sight!

Vanquished Creatures
  Menkaure (D:5)
  A sky beast (D:3)
  A necrophage (D:5)
  A centaur (D:4)
  2 phantoms
  A scorpion (D:4)
  2 water moccasin skeletons
  A jelly (D:4)
  4 hounds
  An iguana (D:5)
  An orc wizard (D:5)
  3 adders
  An adder skeleton (D:4)
  3 worms
  3 dart slugs
  9 orcs
  4 ball pythons
  8 bats
  9 endoplasms
  2 giant cockroaches
  3 goblins
  6 hobgoblins
  4 jackals (D:5)
  3 quokkas
  3 frilled lizards
  9 kobolds
  6 rats
92 creatures vanquished.

Notes
Turn   | Place    | Note
-------+----------+-------------------------------------------
     0 | D:1      | Azzok the Demonspawn Berserker began the quest for the Orb.
     0 | D:1      | Reached XP level 1. HP: 18/18 MP: 1/1
   280 | D:1      | Found a faded altar of an unknown god.
   331 | D:1      | Reached skill level 3 in Axes
   344 | D:1      | Gained mutation: You have sharp toenails. [demonic
                  | ancestry]
   344 | D:1      | Reached XP level 2. HP: 20/24 MP: 2/2
  1011 | D:2      | Found Tuskywez's Book Boutique.
  1023 | D:2      | Reached XP level 3. HP: 29/29 MP: 3/3
  1240 | D:2      | Reached ** piety under Trog
  1726 | D:2      | You fall into a shaft and drop 2 floors!
  1727 | D:4      | Noticed a scorpion
  1737 | D:4      | Killed a scorpion
  1738 | D:4      | Reached skill level 4 in Axes
  1738 | D:4      | Reached skill level 1 in Shields
  1738 | D:4      | Reached XP level 4. HP: 35/37 MP: 4/4
  1796 | D:4      | Gained mutation: You have a somewhat thin skeletal
                  | structure. (Dex +2, Stealth+) [demonic ancestry]
  1796 | D:4      | Reached XP level 5. HP: 5/42 MP: 5/5
  2439 | D:3      | Noticed a sky beast
  2463 | D:3      | Killed a sky beast
  2464 | D:3      | Gained mutation: You have razor-sharp toenails. [demonic
                  | ancestry]
  2464 | D:3      | Reached XP level 6. HP: 40/48 MP: 6/6
  2623 | D:3      | Found an opulent altar of Gozag.
  3256 | D:4      | Reached skill level 5 in Axes
  3861 | D:4      | Reached XP level 7. HP: 45/54 MP: 7/7
  3954 | D:4      | Found a snail-covered altar of Cheibriados.
  4041 | D:5      | Entered Level 5 of the Dungeon
  4174 | D:5      | Reached *** piety under Trog
  4258 | D:5      | Reached skill level 6 in Axes
  4730 | D:5      | Noticed Menkaure
  4736 | D:5      | Killed Menkaure
  4737 | D:5      | Reached skill level 7 in Axes
  4804 | D:5      | Gained mutation: A weak demonic guardian rushes to your
                  | aid. [demonic ancestry]
  4804 | D:5      | Reached XP level 8. HP: 34/60 MP: 8/8
  4804 | D:5      | Quit the game

Illustrated notes

Levels and vault maps discovered:
D:1:      amcnicky_arrival_double_pillar, layout_loops_ring,
          basic_ecumenical_altar
D:2:      layout_loops_corners, serial_shops, nicolae_shop_behind_doors
D:3:      layout_rooms, pdpol_temple_overflow_zin_treasury_gozag_greed,
          corner_web_ring, hangedman_abyss_or_decor_lesser_grid
D:4:      minmay_wonky_spiral, layout_gridville, nicolae_overflow_hidden_temple,
          hangedman_decor_lopped
D:5:      layout_basic, uniq_menkaure

Skill      XL: |  1  2  3  4  5  6  7 |
---------------+----------------------+-----
Axes           | 3 4 5 7 |  7.5
Fighting       | 4 |  4.0
Shields        | 1 2 3 4 |  4.0
Armour         | |  1.7
Dodging        | |  1.7

Action                   |  1- 3 |  4- 6 |  7- 9 || total
-------------------------+-------+-------+-------++-------
Melee: Hand axe          |    10 |    17 |       ||    27
       Dagger            |    82 |   115 |    45 ||   242
       Kick              |    17 |    13 |       ||    30
       War axe           |       |       |    22 ||    22
Invok: Berserk           |       |     2 |     2 ||     4
 Stab: Sleeping          |       |     3 |       ||     3
Armor: Ring mail         |    22 |    15 |       ||    37
       Animal skin       |     1 |       |       ||     1
       Chain mail        |       |    42 |    25 ||    67
Dodge: Dodged            |    56 |    37 |    23 ||   116
Block: Buckler           |       |    28 |    27 ||    55

Table legend: (Time is in decaauts)
 A = Elapsed time spent in this place.
 B = Non-inter-level travel time spent in this place.
 C = Inter-level travel time spent in this place.
 D = Time resting spent in this place.
 E = Time spent auto-exploring this place.
 F = Levels seen in this place.
 G = Mean time per level.
                   A        B        C        D        E       F      G
               +--------+--------+--------+--------+--------+-----+--------+
         Total |   4836 |   4758 |     78 |    835 |   3125 |   5 |  967.2 |
       Dungeon |   4836 |   4758 |     78 |    835 |   3125 |   5 |  967.2 |
               +--------+--------+--------+--------+--------+-----+--------+

Top non-repeatable levels by time:
     D:4: 1405 daAuts
     D:2: 1166 daAuts
     D:5: 782 daAuts
     D:1: 768 daAuts
     D:3: 714 daAuts
